 Dungeon Crawl Stone Soup version 0.32-a0-7-ge934b4519a (webtiles) character file.

Game seed: 7922231719162153395

51198 Xavori the Nimble (level 15, -9/109 HPs)
             Began as a Djinni Chaos Knight on Jan 14, 2024.
             Was a Plaything of Xom.
             Killed from afar by an eye of devastation (28 damage)
             ... with a bolt of devastation
             ... on level 5 of the Lair of Beasts.
             The game lasted 00:32:04 (16324 turns).

Xavori the Nimble (Djinni Chaos Knight)            Turns: 16324, Time: 00:32:05

Health: -9/109     AC: 23    Str: 15    XL:     15   Next: 1%
Gold:   1591       EV: 16    Int: 17    God:    Xom [...*..] SH: 18 Dex: 15

rFire   + + +        I - +7 scimitar (spect)
rCold   + . .        X - +2 kite shield {rC+}
rNeg    . . .        y - +0 steam dragon scales
rPois   ∞            H - +1 helmet
rElec   .            T - scarf {rC+ rF+}
rCorr   .            b - +2 pair of gloves
SInv    .            (boots unavailable)
Will    +....        D - amulet of reflection
Stlth   +            A - +4 ring of slaying
HPRegen 1.18/turn    M - +4 ring of protection
MPRegen 0.00/turn

%: reflection, infuse magic (-10 HP)
@: weak-willed, flying
A: sickness immunity, fire resistance 2, cold vulnerability 1, float, innate
caster, HP casting, extra vitality 1, fangs 1, iridescent scales 3,
strong-willed 1, regeneration 1, strong 1, wild magic 2, evolution 1, MP-powered
wands
a: Renounce Religion


You were on level 5 of the Lair of Beasts.
You worshipped Xom.
You were a favourite toy of Xom.
You visited 2 branches of the dungeon, and saw 16 of its levels.
You also visited: Ice Cave and Volcano.

You collected 1767 gold pieces.
You spent 176 gold pieces at shops.

Inventory:

Hand Weapons
 I - a +7 spectral scimitar (weapon)
Armour
 b - a +2 pair of gloves (worn)
 y - +0 steam dragon scales (worn)
 H - a +1 helmet (worn)
 T - a scarf of resistance (worn)
 V - a +0 crystal plate armour of cold resistance
 X - a +2 kite shield of cold resistance (worn)
 Y - +0 acid dragon scales
Jewellery
 k - the ring of Nulosmal {rC+ rN+ Int+2 Dex-5}
   (You found it in an ice cave)

   [ring of protection from cold]

   Int+2:     It affects your intelligence (+2).
   Dex-5:     It affects your dexterity (-5).
   rC+:       It protects you from cold.
   rN+:       It protects you from negative energy.
 n - a +5 ring of evasion
 A - a +4 ring of slaying (left hand)
 B - an amulet of regeneration
 D - an amulet of reflection (around neck)
 M - a +4 ring of protection (right hand)
 O - a ring of resist corrosion
 P - a +4 ring of protection
 W - the ring "Vid Ceas" {Will+ Str+4 Int+2 Stlth+}
   (You found it in an ice cave)

   [ring of willpower]

   Str+4:     It affects your strength (+4).
   Int+2:     It affects your intelligence (+2).
   Will+:     It increases your willpower.
   Stlth+:    It makes you more stealthy.
Wands
 l - a wand of mindburst (22)
 t - a wand of paralysis (14)
 u - a wand of roots (22)
 F - a wand of flame (29)
 J - a wand of light (12)
Scrolls
 a - a scroll of silence
 c - 3 scrolls of butterflies
 e - 7 scrolls of teleportation
 h - a scroll of enchant weapon
 j - 2 scrolls of blinking
 m - 3 scrolls of noise
 p - 4 scrolls of fog
 x - a scroll of acquirement
 C - 3 scrolls of fear
 E - 3 scrolls of enchant armour
 L - 2 scrolls of poison
 Q - 2 scrolls of revelation
 S - 3 scrolls of immolation
 Z - a scroll of brand weapon
Potions
 d - 8 potions of heal wounds
 f - 3 potions of invisibility
 g - 4 potions of might
 i - a potion of haste
 o - 4 potions of mutation {unknown}
 r - 2 potions of brilliance {unknown}
 s - 2 potions of degeneration {unknown}
 v - 2 potions of magic {unknown}
 w - 2 potions of resistance {unknown}
 z - a potion of cancellation
 G - 3 potions of curing
 K - a potion of experience {unknown}
 N - a potion of attraction {unknown}
 U - a potion of enlightenment
Miscellaneous
 R - a condenser vane


   Skills:
 + Level 10.5 Fighting
 + Level 9.6 Long Blades
 + Level 10.1 Armour
 + Level 11.1 Dodging
 + Level 9.9 Shields
 * Level 9.8 Spellcasting
 * Level 9.8 Conjurations
 * Level 9.8 Hexes
 * Level 9.8 Summonings
 * Level 9.8 Necromancy
 * Level 9.8 Translocations
 * Level 9.8 Fire Magic
 * Level 9.8 Ice Magic
 * Level 9.8 Air Magic
 * Level 9.8 Earth Magic
 * Level 9.8 Alchemy


You knew the following spells:

 Your Spells              Type           Power      Damage    Failure   Level
a - Necrotise             Necr           100%       1d9       1%          1
b - Momentum Strike       Conj/Tloc      100%       3d10      2%          2
c - Searing Ray           Conj           100%       2d8       2%          2
d - Passwall              Erth           61%        N/A       4%          3
e - Lee's Rapid Deconstr  Erth           30%        3d16*     19%         5
f - Iskenderun's Battles  Conj           61%        2d11      19%         5
g - Eringya's Noxious Bo  Alch           30%        4d6       63%         6
Your spell library was empty.

Dungeon Overview and Level Annotations

Branches:
Dungeon (11/15)            Temple (0/1) D:6            Lair (5/5) D:10
 Shoals (0/4) Lair:2       Spider (0/4) Lair:2        Slime (0/5) Lair:4
    Orc (0/2) D:10          IceCv (visited)         Volcano (visited)

Altars:
Cheibriados
Makhleb
Nemelex Xobeh
Qazlal
Ru
Uskayaw
Wu Jian
Xom
Yredelemnul
Zin

Shops:
D:2 ::   D:9 *

Portals:
Trove: D:10 (give 2 scrolls of acquirement)

Annotations:
D:10 3 runed translucent doors


Innate Abilities, Weirdness & Mutations

You are immune to sickness and miasma.
You are immune to poison.
Your flesh is very heat resistant. (rF++)
You are vulnerable to cold. (rC-)
You float through the air rather than walking.
You learn spells naturally, not from books.
Your magical power is your life essence.
You have superior vitality. (+4 MHP)
You have very sharp teeth.
You are completely covered in iridescent scales. (AC +6)
You are strong-willed. (Will+)
Your natural rate of healing is unusually fast.
Your muscles are strong. (Str +4, Int/Dex -1)
Your spells are harder to cast, but more powerful.
You have hidden genetic potential.
You expend health (3 HP) to strengthen your wands.


Message History

You block the 17-headed hydra's attack. The 17-headed hydra closely misses you.
You block the 17-headed hydra's attack. The 17-headed hydra closely misses you.
The 17-headed hydra misses you.
The 17-headed hydra bites you but does no damage.
The 17-headed hydra bites you. The 17-headed hydra bites you!
* * * LOW HITPOINT WARNING * * *
The 17-headed hydra bites you.
* * * LOW HITPOINT WARNING * * *
The 17-headed hydra bites you!
* * * LOW HITPOINT WARNING * * *
The 17-headed hydra bites you!
* * * LOW HITPOINT WARNING * * *
The 17-headed hydra barely misses you.
The 17-headed hydra bites you but does no damage.
The 17-headed hydra bites you.
* * * LOW HITPOINT WARNING * * *
Blink to where?
Press: ? - help, Dir - move target
As you read the scroll of blinking, it crumbles to dust.
Your surroundings suddenly seem different.
A death yak comes into view.
Xom thinks this is hilarious!
A death yak comes into view.
The death yak bellows!
You hear a bellow! x2; The death yak bellows!
You hear a bellow! x2
A death yak comes into view. x2
As you read the scroll of teleportation, it crumbles to dust.
You feel strangely unstable.
A death yak comes into view.
The death yak bellows!
A death yak comes into view.
The death yak moves out of view.
A water moccasin comes into view.
Your surroundings suddenly seem different.
The 17-headed hydra roars! "This might be better!"
The 17-headed hydra evaporates and reforms as an eye of devastation!
The eye of devastation gazes at you. The bolt of devastation hits you!!
Your willpower is stripped away!
You die...

#...#...~......
#...#.~≈≈~..[..
##..#..≈≈≈~.##..
#####.#..#.~≈≈≈.##..
#P#......#.~~≈≈.##..
#............~~~....
##........#######..#
##..<.......####....#
##P..@...............#
#.........G..#P..P....
#.....................
#................#..##.
#................#.....
#...(...............##.
#########.#P.........##
######P..P..###
##P..P.##


You could see an eye of devastation.

Vanquished Creatures
  A red draconian (Volcano)
  The ghost of SigmundSlayer the Fighter, a journeyman DsFi of Cheibriados (D:10)
  2 hydras
  An ice dragon (Lair:5)
  3 two-headed ogres
  2 centaur warriors
  A boulder beetle (Lair:2)
  2 death yaks (Lair:5)
  Sonja (Lair:5)
  A skyshark (Lair:4)
  A skeletal warrior (D:9)
  2 bog bodies (IceCv)
  A swamp dragon (Lair:5)
  An arcanist (D:10)
  3 deep elf pyromancers (D:10)
  An ugly thing (D:9)
  Maurice (D:7)
  10 elephants
  Joseph (D:8)
  3 black mambas
  An ice statue (IceCv)
  6 cane toads
  A torpor snail (Lair:1)
  7 komodo dragons
  2 kobold demonologists (D:9)
  An ice devil (IceCv)
  2 yaktaurs (Volcano)
  3 rime drakes
  3 anaconda simulacra (IceCv)
  3 polar bears (Lair:5)
  A queen bee (D:8)
  A troll (D:9)
  Grinder (D:3)
  A hornet (D:9)
  16 blink frogs
  A snapping turtle (D:10)
  4 dream sheep (Lair:3)
  3 slime creatures
  A wraith (D:9)
  3 shadows
  A spriggan (shapeshifter) (D:9)
  2 spriggans (Lair:1)
  3 wyverns
  2 dire elephant simulacra (IceCv)
  28 yaks
  5 steam dragons
  A basilisk (Lair:3)
  A warg (Lair:5)
  4 acid dragons
  A hell hound (Lair:5)
  17 water moccasins
  10 orc warriors
  2 swamp drakes (Lair:5)
  3 black bears
  2 sky beasts
  9 centaurs
  20 wolves
  2 ogres (D:6)
  2 kobold brigands (D:9)
  5 bullfrogs
  7 scorpions
  2 cane toad simulacra (IceCv)
  5 two-headed ogre simulacra (IceCv)
  Dowan (D:6)
  6 wights
  A killer bee (D:9)
  3 elephant simulacra (IceCv)
  7 howler monkeys
  4 bombardier beetles
  4 orc priests
  5 jellies
  A gnoll bouda (D:8)
  2 hounds
  A sleepcap (D:5)
  9 iguanas
  13 orc wizards
  4 spriggan simulacra (IceCv)
  2 polar bear simulacra (IceCv)
  6 troll simulacra (IceCv)
  3 wolf simulacra (IceCv)
  8 gnolls
  3 naga simulacra (IceCv)
  6 adders
  6 white imps
  14 ufetubi
  2 dart slugs (D:1)
  3 ribbon worms
  41 orcs
  7 bats
  3 endoplasms
  8 giant cockroaches
  8 goblins
  4 hobgoblins
  7 jackals
  5 quokkas
  2 ball pythons (D:1)
  A frilled lizard (D:1)
  7 kobolds
  3 rats
444 creatures vanquished.

Vanquished Creatures (collateral kills)
  2 hydras
  2 death yaks (Lair:5)
  A black mamba (Lair:5)
  A cane toad (Lair:4)
  3 orcs (D:6)
  A goblin (D:2)
10 creatures vanquished.

Vanquished Creatures (others)
  A centaur warrior (D:9)
  A death yak (Lair:5)
  A queen bee (shapeshifter) (Lair:3)
  A wolf simulacrum (IceCv)
  A gnoll (D:5)
  An orc zombie (D:6)
  7 spectral weapons
13 creatures vanquished.

Grand Total: 467 creatures vanquished

Notes
Turn   | Place    | Note
-------+----------+-------------------------------------------
     0 | D:1      | Xavori the Djinni Chaos Knight began the quest for the Orb.
     0 | D:1      | Reached XP level 1. HP: 20/20 MP: 0/0
    52 | D:1      | Reached XP level 2. HP: 25/25 MP: 0/0
   217 | D:1      | Reached XP level 3. HP: 30/30 MP: 0/0
   217 | D:1      | Learned a level 1 spell: Necrotise
   282 | D:1      | Reached skill level 1 in Spellcasting
   282 | D:1      | Reached skill level 1 in Conjurations
   282 | D:1      | Reached skill level 1 in Hexes
   282 | D:1      | Reached skill level 1 in Summonings
   282 | D:1      | Reached skill level 1 in Necromancy
   282 | D:1      | Reached skill level 1 in Translocations
   282 | D:1      | Reached skill level 1 in Fire Magic
   282 | D:1      | Reached skill level 1 in Ice Magic
   282 | D:1      | Reached skill level 1 in Air Magic
   282 | D:1      | Reached skill level 1 in Earth Magic
   282 | D:1      | Reached skill level 1 in Alchemy
   608 | D:1      | XOM: silly message
   846 | D:1      | XOM: silly message
  1173 | D:1      | XOM: silly message
  2078 | D:1      | XOM: god gift: 34 gold pieces
  2293 | D:1      | XOM: cloud trail
  2416 | D:1      | XOM: give mutation
  2416 | D:1      | Gained mutation: You are strong-willed. (Will+) [Xom's
                  | grace]
  2444 | D:1      | XOM: divination: detect items
  2467 | D:1      | Identified the +6 arbalest of Igiux {drain, Str+3 Int+3}
                  | (Xom gifted it to you on level 1 of the Dungeon)
  2467 | D:1      | XOM: god gift: +6 arbalest of Igiux {chaos, Str+3 Int+3}
  3772 | D:1      | XOM is BORED!
  3772 | D:1      | XOM: give mutations
  3772 | D:1      | Gained mutation: You are partially covered in iridescent
                  | scales. (AC +2) [Xom's mischief]
  3772 | D:1      | Gained mutation: Your spells are a little harder to cast,
                  | but a little more powerful. [Xom's mischief]
  3772 | D:1      | Gained mutation: Your natural rate of healing is unusually
                  | fast. [Xom's mischief]
  4048 | D:2      | Found a faded altar of an unknown god.
  4068 | D:2      | Found Rygetzuw's Vocational Training.
  4183 | D:2      | XOM: confuse monster(s)
  4188 | D:2      | Reached XP level 4. HP: 35/35 MP: 0/0
  4325 | D:2      | XOM: blink monster(s)
  4364 | D:2      | XOM: god gift: inky potion {god gift}
  4393 | D:2      | Found Jatuby's Book Shoppe.
  4615 | D:2      | XOM: give mutations
  4615 | D:2      | Gained mutation: You expend health (3 HP) to strengthen
                  | your wands. [Xom's grace]
  4615 | D:2      | Gained mutation: Your muscles are strong. (Str +4, Int/Dex
                  | -1) [Xom's grace]
  4615 | D:2      | Gained mutation: You have very sharp teeth. [Xom's grace]
  4615 | D:2      | Gained mutation: You are mostly covered in iridescent
                  | scales. (AC +4) [Xom's grace]
  4796 | D:3      | XOM: enchant monster (good)
  4839 | D:3      | Reached skill level 1 in Shields
  4839 | D:3      | Reached XP level 5. HP: 40/40 MP: 0/0
  4839 | D:3      | Learned a level 2 spell: Momentum Strike
  4884 | D:3      | Noticed Grinder
  4892 | D:3      | XOM: summons friendly crimson imp
  4893 | D:3      | Paralysed by Grinder for 4 turns
  4907 | D:3      | XOM: fog
  4928 | D:3      | Killed Grinder
  4929 | D:3      | Reached skill level 3 in Dodging
  4929 | D:3      | Reached XP level 6. HP: 47/47 MP: 0/0
  4973 | D:3      | XOM: scenery: create altars
  4983 | D:3      | XOM: smoke on damage
  4985 | D:3      | Reached XP level 7. HP: 46/51 MP: 0/0
  4985 | D:3      | Learned a level 2 spell: Searing Ray
  5122 | D:3      | Found an ornate altar of the Wu Jian Council.
  5377 | D:4      | Found a hide-covered altar of Uskayaw.
  5611 | D:4      | Noticed a water moccasin
  5628 | D:4      | Killed a water moccasin
  5645 | D:4      | XOM: god gift: book of Conjurations
  5723 | D:5      | Entered Level 5 of the Dungeon
  5746 | D:5      | XOM: confuse monster(s)
  5758 | D:5      | Reached skill level 4 in Dodging
  5763 | D:5      | Reached XP level 8. HP: 58/58 MP: 0/0
  5782 | D:5      | XOM: confuse monster(s)
  5823 | D:5      | XOM: cast spell 'Fugue of the Fallen'
  5985 | D:5      | Identified the blade talisman "Amioso" {rF- MP+9 Str+2
                  | Dex+3}
  6059 | D:5      | XOM: silly message
  6077 | D:5      | Found a burning altar of Makhleb.
  6132 | D:5      | XOM: 8-stop teleportation journey
  6558 | D:5      | Found a stormy altar of Qazlal.
  6660 | D:6      | XOM: noise
  6667 | D:5      | Found a basalt altar of Yredelemnul.
  6760 | D:6      | Reached skill level 5 in Fighting
  6829 | D:6      | Noticed Dowan
  6829 | D:6      | Noticed Duvessa
  6858 | D:6      | XOM: confuse monster(s)
  6874 | D:6      | XOM: summons friendly white imp
  6885 | D:6      | Duvessa changed into Duvessa the wolf
  6885 | D:6      | Noticed Duvessa
  6888 | D:6      | Killed Duvessa the wolf
  6889 | D:6      | Reached XP level 9. HP: 56/65 MP: 0/0
  6889 | D:6      | Learned a level 3 spell: Passwall
  6889 | D:6      | Killed Dowan
  6890 | D:6      | Reached skill level 5 in Dodging
  6949 | D:6      | XOM: divination: detect items
  7167 | D:6      | Found a staircase to the Ecumenical Temple.
  7240 | D:6      | XOM: summons 5 hostile demons
  7241 | D:6      | XOM: silly message
  7302 | D:6      | XOM: divination: magic mapping
  7367 | D:6      | Found a snail-covered altar of Cheibriados.
  7571 | D:7      | XOM: smoke on damage
  7577 | D:7      | Reached skill level 5 in Long Blades
  7742 | D:7      | Noticed Maurice
  7746 | D:7      | XOM: divination: detect creatures
  7752 | D:7      | XOM: potion effect (attraction)
  7757 | D:7      | Something stole 94 gold
  7762 | D:7      | XOM: summons friendly white imp
  7764 | D:7      | Something stole 222 gold
  7768 | D:7      | Something stole 81 gold
  7830 | D:7      | Killed Maurice
  7831 | D:7      | Reached skill level 5 in Armour
  7831 | D:7      | Reached skill level 6 in Dodging
  7831 | D:7      | Reached XP level 10. HP: 32/72 MP: 0/0
  8055 | D:7      | Reached skill level 5 in Spellcasting
  8055 | D:7      | Reached skill level 5 in Conjurations
  8055 | D:7      | Reached skill level 5 in Hexes
  8055 | D:7      | Reached skill level 5 in Summonings
  8055 | D:7      | Reached skill level 5 in Necromancy
  8055 | D:7      | Reached skill level 5 in Translocations
  8055 | D:7      | Reached skill level 5 in Fire Magic
  8055 | D:7      | Reached skill level 5 in Ice Magic
  8055 | D:7      | Reached skill level 5 in Air Magic
  8055 | D:7      | Reached skill level 5 in Earth Magic
  8055 | D:7      | Reached skill level 5 in Alchemy
  8194 | D:8      | XOM: stat loss: -1 Int (14/15)
  8213 | D:8      | XOM: polymorph ice beast -> queen bee
  8231 | D:8      | XOM: divination: detect items
  8232 | D:8      | XOM: cast spell 'Cause Fear'
  8309 | D:8      | Reached skill level 5 in Shields
  8332 | D:8      | XOM: chaos upgrade
  8372 | D:8      | XOM: confuse monster(s)
  8444 | D:8      | Noticed Joseph
  8445 | D:8      | XOM: confuse monster(s)
  8454 | D:8      | Killed Joseph
  8732 | D:8      | Found a sparkling altar of Nemelex Xobeh.
  8910 | D:9      | Noticed a two-headed ogre
  8920 | D:9      | Killed a two-headed ogre
  8956 | D:9      | Found Lemuc's Assorted Antiques.
  8959 | D:9      | Bought a potion of heal wounds for 100 gold pieces
  8959 | D:9      | Bought a smoky sapphire potion for 18 gold pieces
  8959 | D:9      | Bought a metallic purple potion for 18 gold pieces
  8959 | D:9      | Bought a scroll of identify for 40 gold pieces
  8999 | D:9      | Noticed an entropy weaver
  9003 | D:9      | an entropy weaver changed into a cane toad
  9003 | D:9      | Noticed a cane toad (shapeshifter)
  9003 | D:9      | Noticed a centaur warrior
  9012 | D:9      | a cane toad changed into a spriggan
  9017 | D:9      | Reached skill level 7 in Dodging
  9020 | D:9      | XOM: enchant monster (good)
  9023 | D:9      | Killed a centaur warrior
  9024 | D:9      | Reached XP level 11. HP: 78/78 MP: 0/0
  9024 | D:9      | Learned a level 5 spell: Lee's Rapid Deconstruction
  9082 | D:9      | XOM: confuse monster(s)
  9089 | D:9      | Noticed a red ugly thing
  9099 | D:9      | Killed a red ugly thing
  9100 | D:9      | Noticed a centaur warrior
  9105 | D:9      | Killed a centaur warrior
  9105 | D:9      | XOM: divine lightning
  9118 | D:9      | XOM: cloud trail
  9155 | D:9      | Noticed an eight-headed hydra
  9156 | D:9      | XOM: fog
  9158 | D:9      | XOM: potion effect (attraction)
  9161 | D:9      | XOM: fake destruction
  9228 | D:9      | Noticed a five-headed hydra
  9238 | D:9      | XOM: scenery: create altars
  9246 | D:9      | Killed a nine-headed hydra
  9298 | D:9      | Noticed a skeletal warrior
  9303 | D:9      | XOM: enchant monster (bad)
  9311 | D:9      | XOM: cast spell 'Dispersal'
  9327 | D:9      | XOM: confuse monster(s)
  9420 | D:9      | XOM: enchant monster (good)
  9476 | D:9      | XOM: noise
  9480 | D:9      | XOM: silly message
  9503 | D:9      | XOM: cleaving
  9569 | D:9      | XOM: cleaving
  9582 | D:9      | XOM: cast spell 'Chain of Chaos'
  9591 | D:9      | Killed a skeletal warrior
  9592 | D:9      | Reached skill level 8 in Dodging
  9614 | D:9      | XOM: cloud trail
  9740 | D:9      | XOM: divination: detect creatures
  9863 | D:9      | XOM: cleaving
  9977 | D:9      | XOM: summons friendly shadow imp
  9988 | D:9      | XOM: summons friendly crimson imp
  9990 | D:9      | XOM: cast spell 'Summon Horrible Things'
  9993 | D:9      | Killed a 14-headed hydra
  9994 | D:9      | Reached XP level 12. HP: 86/86 MP: 0/0
 10040 | D:9      | Found a glowing silver altar of Zin.
 10088 | D:9      | XOM: give mutations
 10088 | D:9      | Gained mutation: Your spells are harder to cast, but more
                  | powerful. [Xom's grace]
 10088 | D:9      | Gained mutation: You have hidden genetic potential. [Xom's
                  | grace]
 10091 | D:10     | Entered Level 10 of the Dungeon
 10097 | D:10     | Found a runed translucent gate.
 10097 | D:10     | Found a runed translucent gate.
 10097 | D:10     | Found a runed translucent gate.
 10097 | D:10     | Noticed SigmundSlayer's ghost (journeyman DsFi)
 10097 | D:10     | Noticed a six-headed hydra
 10126 | D:10     | Found a staircase to the Orcish Mines.
 10180 | D:10     | Noticed a death yak
 10181 | D:10     | Noticed a death yak
 10182 | D:10     | Found a staircase to the Lair.
 10183 | D:10     | Noticed a death yak
 10186 | D:10     | XOM: polymorph quokka -> kobold
 10212 | D:10     | XOM: enchant monster (good)
 10263 | D:10     | Noticed an arcanist
 10266 | D:10     | XOM: scenery: summon butterflies
 10267 | D:10     | XOM: 2-stop teleportation journey
 10292 | D:10     | Found a portal to a secret trove of treasure.
 10356 | D:10     | XOM: summons friendly iron imp
 10357 | D:10     | XOM: enchant monster (good)
 10362 | D:10     | XOM: scenery: 2 doors open
 10364 | D:10     | XOM: swap monsters
 10365 | D:10     | XOM: polymorph iron imp -> ufetubus
 10376 | D:10     | XOM: 1-stop teleportation journey
 10484 | D:10     | XOM: confuse monster(s)
 10505 | D:10     | XOM: silly message
 10512 | D:10     | XOM: polymorph troll -> snapping turtle
 10538 | D:10     | XOM: summons friendly ufetubus
 10542 | D:10     | Killed SigmundSlayer's ghost
 10578 | D:10     | Killed an arcanist
 10831 | D:10     | XOM: cast spell 'Chain of Chaos'
 10843 | D:10     | XOM: cast spell 'Discord'
 10848 | D:10     | XOM: confuse monster(s)
 10849 | D:10     | XOM: enchant monster (good)
 10919 | D:11     | Found a frozen archway.
 10928 | IceCv    | Entered an ice cave
 10929 | IceCv    | XOM: confuse monster(s)
 10999 | IceCv    | XOM: god gift: 20 gold pieces
 11073 | IceCv    | XOM: enchant monster (bad)
 11158 | IceCv    | XOM: divination: detect items
 11161 | IceCv    | XOM: confuse monster(s)
 11179 | IceCv    | XOM: silly message
 11298 | IceCv    | XOM: smoke on damage
 11299 | IceCv    | XOM: enchant monster (bad)
 11509 | IceCv    | XOM: butterfly on damage
 11590 | IceCv    | XOM: destruction
 11602 | IceCv    | Reached skill level 9 in Dodging
 11602 | IceCv    | XOM: smoke on damage
 11642 | IceCv    | Identified the +6 battleaxe of Bursted Integrity {venom,
                  | rPois Will+ Str+2 Int-4}
 11644 | IceCv    | Identified the ring "Vid Ceas" {Will+ Str+4 Int+2 Stlth+}
 11664 | IceCv    | Identified the ring of Nulosmal {rC+ rN+ Int+2 Dex-5}
 11763 | D:11     | Noticed a two-headed ogre
 11772 | D:11     | Killed a two-headed ogre
 11948 | D:11     | XOM: god gift: scroll of fog
 12014 | D:11     | Noticed a two-headed ogre
 12016 | D:11     | XOM: divination: detect items
 12021 | D:11     | Killed a two-headed ogre
 12022 | D:11     | Reached XP level 13. HP: 93/93 MP: 0/0
 12022 | D:11     | Learned a level 5 spell: Iskenderun's Battlesphere
 12185 | Lair:1   | Entered Level 1 of the Lair of Beasts
 12237 | Lair:1   | XOM: confusion (+ monsters)
 12244 | Lair:1   | XOM: confusion (+ monsters)
 12272 | Lair:1   | Found a sacrificial altar of Ru.
 12278 | Lair:1   | XOM: summons 2 friendly demons
 12366 | Lair:1   | XOM: cast spell 'Summon Cactus Giant'
 12409 | Lair:1   | XOM: potion effect (berserk rage)
 12421 | Lair:1   | XOM: cloud trail
 12435 | Lair:1   | XOM: god gift: falchion {god gift}
 12517 | Lair:1   | XOM: noise
 12601 | Lair:1   | Identified a scroll of acquirement
 12809 | Lair:1   | XOM: god gift: dagger {god gift}
 13112 | Lair:2   | XOM: blink monster(s)
 13131 | Lair:2   | XOM: enchant monster (bad)
 13233 | Lair:2   | Found a hole to the Spider Nest.
 13355 | Lair:2   | Found a dark tunnel.
 13367 | Volcano  | Entered a volcano
 13384 | Volcano  | Noticed a centaur warrior
 13387 | Volcano  | Killed a centaur warrior
 13388 | Volcano  | Found a burning altar of Makhleb.
 13392 | Volcano  | Noticed a red draconian
 13395 | Volcano  | XOM: god gift: scroll labelled RUWOM PUFOBRUINA {god gift}
 13421 | Volcano  | Killed a red draconian
 13579 | Lair:2   | Reached skill level 10 in Dodging
 13589 | Lair:2   | Found a staircase to the Shoals.
 13808 | Lair:2   | XOM: summons 1 hostile demon
 13830 | Lair:2   | XOM: repel stairs
 13962 | Lair:2   | XOM: torment (48/94 hp)
 14240 | Lair:3   | XOM: noise
 14242 | Lair:3   | XOM: polymorph yak -> glowing shapeshifter
 14244 | Lair:3   | XOM: divine lightning
 14246 | Lair:3   | XOM: scenery: create altars
 14262 | Lair:3   | XOM: summons 4 friendly demons
 14269 | Lair:3   | XOM: cast spell 'Leda's Liquefaction'
 14301 | Lair:3   | Reached XP level 14. HP: 102/102 MP: 0/0
 14380 | Lair:3   | XOM: summons friendly ufetubus
 14393 | Lair:3   | Gained mutation: You are completely covered in iridescent
                  | scales. (AC +6) [hidden potential]
 14427 | Lair:3   | XOM: scenery: summon butterflies
 14455 | Lair:3   | XOM: smoke on damage
 14481 | Lair:3   | XOM: 1-stop teleportation journey
 14485 | Lair:3   | XOM: 6-stop teleportation journey
 15002 | Lair:3   | XOM: scenery: 1 doors open
 15134 | Lair:4   | Found a staircase to the Slime Pits.
 15138 | Lair:4   | XOM: summons friendly sun demon
 15143 | Lair:4   | Reached skill level 10 in Fighting
 15181 | Lair:4   | Identified the +8 great sword of the Ship {flame, Int+2
                  | Stlth+}
 15184 | Lair:4   | XOM: polymorph sun demon -> lorocyproca
 15314 | Lair:4   | XOM: confuse monster(s)
 15318 | Lair:4   | XOM: confuse monster(s)
 15526 | Lair:4   | XOM: god gift: book of Burglary
 15615 | Lair:5   | Entered Level 5 of the Lair of Beasts
 15634 | Lair:5   | Identified the +4 scimitar of Oppir {spect, rCorr Dex+3}
 15694 | Lair:5   | XOM: scenery: summon butterflies
 15696 | Lair:5   | XOM: polymorph butterfly -> rime drake
 15706 | Lair:5   | XOM: cast spell 'Discord'
 15738 | Lair:5   | XOM: god gift: 23 gold pieces
 15864 | Lair:5   | Noticed Sonja
 15870 | Lair:5   | Reached skill level 11 in Dodging
 15874 | Lair:5   | XOM: confuse monster(s)
 15887 | Lair:5   | Killed Sonja
 15943 | Lair:5   | Reached skill level 10 in Armour
 16032 | Lair:5   | XOM: summons 7 friendly demons
 16041 | Lair:5   | XOM: divination: magic mapping
 16191 | Lair:5   | Reached XP level 15. HP: 109/109 MP: 0/0
 16191 | Lair:5   | Learned a level 6 spell: Eringya's Noxious Bog
 16308 | Lair:5   | HP: 4/109 [17-headed hydra (11)]
 16308 | Lair:5   | HP: 1/109 [17-headed hydra (3)]
 16323 | Lair:5   | XOM: polymorph 17-headed hydra -> eye of devastation
 16324 | Lair:5   | Killed from afar by an eye of devastation

Illustrated notes

Levels and vault maps discovered:
D:1:      scummos_arrival_simple_crosswalls, layout_loops_cross,
          chequers_mini_garden
D:2:      layout_basic, chequers_ecumenical_altar_simple, serial_forest,
          infiniplex_forest_straight_4, infiniplex_forest_lined_room_2,
          infiniplex_forest_clump_cross, infiniplex_forest_clump_tiny,
          infiniplex_forest_corner_2, serial_shops, nicolae_book_shop_shelving,
          nicolae_shop_vocational
D:3:      layout_rooms, lemuel_doored_altar, uniq_grinder
D:4:      layout_gridville, eat_drink_and_be_merry_uskayaw
D:5:      layout_cave_pods, mainiacjoe_overflow_chevrons,
          nicolae_overflow_hidden_temple
D:6:      nicolae_BIG_FREAKIN_CUBE, layout_gridville, slow_altar_2,
          lemuel_temple_firewalk_b, uniq_duvessa
D:7:      layout_cave_pools, serial_library_hellmonk_double_dead_end,
          uniq_maurice
D:8:      layout_rooms, nemelex_altar_shiori, uniq_joseph
D:9:      minmay_the_grid_octo_tiled_squarecenter [minmay_the_grid_octo_teeth,
          minmay_the_grid_octo_empty, minmay_the_grid_octo_concentric,
          minmay_the_grid_octo_vomiting_pacman,
          minmay_the_grid_square_5x5_megaprize_checkered,
          minmay_the_grid_square_5x5_moneybag, minmay_the_grid_square_5x5_z,
          minmay_the_grid_square_5x5_longway, minmay_the_grid_square_5x5_bite],
          layout_basic, lemuel_round_altar, serial_shops,
          nicolae_shop_real_fake_doors
D:10:     layout_basic, dpeg_lair_monsters, orc_0_dummy, gammafunk_ghost_split,
          enter_trove_0, bh_hangedman_babel_library
D:11:     layout_gridville, portal_ice_cave_entry_pillars_2
Lair:1:   wad_woods_stonehenge, layout_gridlike
Lair:2:   layout_cave_pods, minmay_shoals_entry_centaurs,
          nicolae_spider_entry_non_spiders, nicolae_volcano_entry_lava_flow
Lair:3:   layout_regular_city, beast_lair_carwin_2, lemuel_fruit_fields,
          grunt_megastairs_2
Lair:4:   layout_misc_corridors, minmay_slime_entry_pillars
Lair:5:   guppyfry_lair_end_dragon, layout_cave_pods,
          hangedman_lair_caniforms_friends, chequers_serial_rivers_small_a,
          chequers_serial_rivers_micro_c, grunt_forest_small_clearings,
          chequers_serial_rivers_micro_d, nicolae_lair_lil_pond, uniq_sonja

Skill      XL: |  1  2  3  4  5  6  7  8  9 10 11 12 13 14 |
---------------+-------------------------------------------+-----
Spellcasting   | 1 2 3 4 6 7 8 9 |  9.8
Conjurations   | 1 2 3 4 6 7 8 9 |  9.8
Hexes          | 1 2 3 4 6 7 8 9 |  9.8
Summonings     | 1 2 3 4 6 7 8 9 |  9.8
Necromancy     | 1 2 3 4 6 7 8 9 |  9.8
Translocations | 1 2 3 4 6 7 8 9 |  9.8
Fire Magic     | 1 2 3 4 6 7 8 9 |  9.8
Ice Magic      | 1 2 3 4 6 7 8 9 |  9.8
Air Magic      | 1 2 3 4 6 7 8 9 |  9.8
Earth Magic    | 1 2 3 4 6 7 8 9 |  9.8
Alchemy        | 1 2 3 4 6 7 8 9 |  9.8
Long Blades    | 3 4 5 6 7 8 9 |  9.6
Shields        | 1 2 3 4 5 6 7 9 |  9.9
Armour         | 2 3 4 5 6 7 8 9 10 | 10.1
Dodging        | 3 4 6 7 8 9 10 11 | 11.1
Fighting       | 4 5 6 7 8 9 10 | 10.5

Action                     |  1- 3 |  4- 6 |  7- 9 | 10-12 | 13-15 || total
---------------------------+-------+-------+-------+-------+-------++-------
  Melee: Falchion          |    86 |    88 |   434 |    61 |       ||   669
         Bite              |       |    10 |    46 |    68 |   100 ||   224
         Scimitar          |       |       |       |   496 |   629 ||  1125
   Cast: Necrotise         |       |       |     1 |     3 |       ||     4
         Searing Ray       |       |       |     1 |       |     2 ||     3
         Momentum Strike   |       |       |       |       |     1 ||     1
  Evoke: Wand              |       |       |     2 |    14 |     1 ||    17
         Condenser vane    |       |       |       |     1 |       ||     1
    Use: Scroll            |       |     3 |     5 |     9 |    12 ||    29
         Potion            |       |     1 |     3 |     1 |       ||     5
   Stab: Sleeping          |     3 |       |       |       |       ||     3
         Paralysed         |       |     1 |     1 |     4 |       ||     6
         Distracted        |       |     1 |       |     2 |     4 ||     7
         Confused          |       |       |     5 |     3 |     1 ||     9
         Petrified         |       |       |     6 |     1 |       ||     7
         Petrifying        |       |       |     1 |       |       ||     1
         Invisible         |       |       |       |     1 |       ||     1
 Armour: Leather armour    |    45 |    56 |   127 |       |       ||   228
         Steam dragon scal |       |       |   123 |   269 |   259 ||   651
  Dodge: Dodged            |    50 |    20 |   324 |   362 |   274 ||  1030
  Block: Kite shield       |     8 |    33 |   291 |   527 |   657 ||  1516
         Reflection        |       |       |     4 |    22 |    24 ||    50

Table legend: (Time is in decaauts)
 A = Elapsed time spent in this place.
 B = Non-inter-level travel time spent in this place.
 C = Inter-level travel time spent in this place.
 D = Time resting spent in this place.
 E = Time spent auto-exploring this place.
 F = Levels seen in this place.
 G = Mean time per level.
                   A        B        C        D        E       F      G
               +--------+--------+--------+--------+--------+-----+--------+
         Total |  16676 |  16185 |    491 |   3982 |   7952 |  18 |  926.4 |
       Dungeon |  11604 |  11203 |    401 |   3781 |   4965 |  11 | 1054.9 |
          Lair |   4049 |   3960 |     89 |      7 |   2629 |   5 |  809.8 |
      Ice Cave |    855 |    855 |      0 |    160 |    315 |   1 |  855.0 |
       Volcano |    166 |    166 |      0 |     34 |     43 |   1 |  166.0 |
               +--------+--------+--------+--------+--------+-----+--------+

Top non-repeatable levels by time:
     D:1: 3985 daAuts
     D:9: 1165 daAuts
     D:6: 958 daAuts
  Lair:1: 950 daAuts
  Lair:2: 936 daAuts
  Lair:3: 929 daAuts
     D:5: 924 daAuts
   IceCv: 855 daAuts
    D:10: 839 daAuts
     D:2: 810 daAuts
     D:8: 758 daAuts
  Lair:5: 717 daAuts
     D:7: 690 daAuts
     D:3: 525 daAuts
  Lair:4: 516 daAuts
